 Dungeon Crawl Stone Soup version 0.30-a0-800-g7c544603b3 (webtiles) character file.

Game seed: 6068938270128655430

27798 Iich the Executioner (level 13, -6/128 HPs)
             Began as a Hill Orc Fighter on Feb 22, 2023.
             Was an Initiate of Gozag.
             Killed from afar by a rime drake (25 damage)
             ... with an icy flash freeze
             ... on level 5 of the Lair of Beasts.
             The game lasted 00:20:39 (17974 turns).

Iich the Executioner (Hill Orc Fighter)            Turns: 17974, Time: 00:20:39

Health: -6/128     AC: 24    Str: 20    XL:     13   Next: 34%
Magic:  13/13      EV: 14    Int:  8    God:    Gozag
Gold:   335        SH: 10    Dex: 14    Spells: 12/12 levels left

rFire   . . .      SeeInvis .    Y - +1 broad axe "Aubergine" {protect, rElec}
rCold   . . .      Faith    .    c - +0 buckler
rNeg    . . .      Spirit   .    H - +4 scale mail {Will+}
rPois   .          Reflect  +    s - +2 helmet
rElec   +          Harm     .    U - +0 cloak
rCorr   .          Rampage  .    j - +0 pair of gloves
Will    +....                    h - +0 pair of boots Stlth
                                 D - amulet of reflection
HPRegen 0.41/turn                o - ring of flight
MPRegen 0.13/turn                K - +5 ring of evasion

@: gold aura, under a protective aura, flying
A: no striking features
a: Renounce Religion, Potion Petition, Call Merchant, Bribe Branch


You were on level 5 of the Lair of Beasts.
You worshipped Gozag.
Gozag was aware of your devotion.
You visited 3 branches of the dungeon, and saw 16 of its levels.
You also visited: Sewer.

You collected 2839 gold pieces.
You spent 910 gold pieces at shops.
You paid 1594 gold pieces to Gozag.

Inventory:

Hand Weapons
 a - a +0 war axe
 S - a +0 antimagic war axe
 Y - the +1 broad axe "Aubergine" (weapon) {protect, rElec}
   (You bought it in a shop on level 4 of the Lair of Beasts)

   rElec:     It insulates you from electricity.
Missiles
 A - 3 throwing nets (quivered)
 T - 2 curare-tipped darts
Armour
 b - a +0 plate armour
 c - a +0 buckler (worn)
 g - a +0 chain mail
 h - a +0 pair of boots (worn)
 j - a +0 pair of gloves (worn)
 s - a +2 helmet (worn)
 H - a +4 scale mail of willpower (worn)
 U - a +0 cloak (worn)
Jewellery
 o - a ring of flight (left hand)
 y - the ring "Nuwuitik" {rCorr Str-2 Int+3 Slay+4}
   (You found it on level 1 of the Lair of Beasts)

   [ring of slaying]

   Str:       It affects your strength (-2).
   Int:       It affects your intelligence (+3).
   Slay:      It affects your accuracy & damage with ranged weapons and melee
   (+4).
   rCorr:     It protects you from acid and corrosion.
 D - an amulet of reflection (around neck)
 K - a +5 ring of evasion (right hand)
 R - a ring of positive energy
Wands
 C - a wand of light (14)
 E - a wand of iceblast (7)
 J - a wand of charming (10)
 L - a wand of digging (5)
 N - a wand of mindburst (4)
 W - a wand of flame (6)
Scrolls
 f - a scroll of summoning
 i - a scroll of poison
 m - 6 scrolls of amnesia
 p - a scroll of vulnerability
 r - 2 scrolls of magic mapping
 t - a scroll of fog
 u - 2 scrolls of blinking
 v - 3 scrolls of teleportation
 B - a scroll of immolation
 F - 2 scrolls of enchant weapon
 O - a scroll of noise
 Q - a scroll of silence
 X - a scroll of identify
Potions
 d - 3 potions of might
 e - a potion of attraction
 k - 3 potions of curing
 l - 4 potions of brilliance
 n - 3 potions of flight
 q - 2 potions of cancellation
 w - a potion of magic
 x - 2 potions of mutation
 z - 3 potions of heal wounds
 G - 2 potions of resistance
 M - 2 potions of berserk rage
 P - 2 potions of ambrosia
 V - a potion of lignification
Miscellaneous
 I - a lightning rod (3/4)


   Skills:
 + Level 15.6 Fighting
 * Level 22.6 Axes
 - Level 3.2 Armour
 - Level 3.2 Shields


You had 12 spell levels left.
You didn't know any spells.
Your spell library contained the following spells:

 Spells                   Type           Power      Damage    Failure   Level
 Lesser Beckoning         Tloc           0%         N/A       94%         2
 Gell's Gravitas          Tloc           0%         N/A       99%         3
 Ignite Poison            Fire/Tmut/Pois 0%         N/A       99%         3
 Kindle Blastsparks       Fire/Tloc/Air  0%         2d10      99%         3
 Teleport Other           Tloc           0%         N/A       99%         3
 Vhi's Electric Charge    Tloc/Air       0%         N/A       99%         3
 Arcjolt                  Conj/Air       0%         1d10      100%        5
 Freezing Cloud           Conj/Ice/Air   0%         6-21      100%        5
 Maxwell's Capacitive Co  Air            0%         ∞         100%        8


Dungeon Overview and Level Annotations

Branches:
Dungeon (10/15)            Temple (1/1) D:7            Lair (5/5) D:9
  Swamp (0/4) Lair:3       Spider (0/4) Lair:3        Sewer (visited)
  Slime: Lair:4-5       Orc: D:9-12

Altars:
Cheibriados
Dithmenos
Elyvilon
Gozag
Hepliaklqana
Kikubaaqudgha
Makhleb
Nemelex Xobeh
Okawaru
Qazlal
Ru
Sif Muna
Trog
Uskayaw
Vehumet
Wu Jian
Xom
Yredelemnul
Zin
The Shining One

Shops:
D:1 [   D:3 =   D:5 [   D:6 (   Lair:4 (*

Annotations:
Temple 2 transporters


Message History

The snapping turtle bites you but does no damage.
The snapping turtle closely misses you. The wyvern closely misses you.
The komodo dragon hisses angrily.
You slash the snapping turtle!
The snapping turtle is almost dead.
You hit the wyvern but do no damage. You block the wyvern's attack.
The snapping turtle bites you from afar!!
* * * LOW HITPOINT WARNING * * *
The snapping turtle barely misses you.
You slash the snapping turtle!
You kill the snapping turtle!
You slash the wyvern!
The komodo dragon is no longer distracted by gold.
A harpy comes into view.
The wyvern bites you but does no damage.
You hit the wyvern.
The wyvern is heavily wounded.
The snapping turtle bites you but does no damage.
You block the wyvern's attack.
The merfolk avatar chants a haunting song.
You resist with some effort.
The harpy is distracted by your dazzling golden aura.
The harpy screeches!
You slash the wyvern!
You kill the wyvern!
The snapping turtle bites you from afar!
* * * LOW HITPOINT WARNING * * *
The merfolk avatar is distracted by your dazzling golden aura.
Your lightning rod (3/4) has regained one charge.
Your surroundings suddenly seem different. 3 wolves and a rime drake come into view.
Found a halberd.
The wolf howls! x3; The rime drake hisses angrily.
You hear an angry hiss.
A water moccasin comes into view.
A wolf comes into view.
The water moccasin is distracted by your dazzling golden aura.
You block the wolf's attack. The rime drake breathes ice at you.
The icy flash freeze hits you!!
You die...
Your body crumbles into a pile of gold.

~~##..#........
~~P#..........)
..~.....#......
~.......#...#..
.P#...........#
......P..h.k..S
~..P...h...h#
#P..P@#
#.....h.#
#..#.##...# .
.. ..### ## ...
#... .### #


You could see a rime drake (catching breath), a water moccasin (unaware) and 4
wolves.

Vanquished Creatures
  Gastronok (D:9)
  A hydra (Lair:2)
  2 two-headed ogres
  Pikel (D:5)
  3 lindwurms (Lair:1)
  11 elephants
  Joseph (D:7)
  A gargoyle (D:10)
  8 cane toads
  7 komodo dragons
  Psyche (D:9)
  2 rime drakes
  2 trolls (D:9)
  4 blink frogs (Lair:2)
  A snapping turtle (Lair:5)
  2 jumping spiders (Lair:3)
  Sigmund (D:3)
  A shadow (D:10)
  3 wyverns
  A wraith (D:10)
  31 yaks
  A spriggan (Lair:2)
  3 basilisks
  3 redbacks (Lair:3)
  5 steam dragons
  3 swamp worms (Lair:3)
  9 water moccasins
  3 orc warriors
  6 ice beasts
  2 ogres (D:6)
  A phantom (D:6)
  3 lemures (D:5)
  3 kobold brigands
  A necrophage (D:5)
  8 bullfrogs
  4 scorpions
  3 wights (D:8)
  11 killer bees
  A howler monkey (D:7)
  8 electric eels
  4 jellies
  3 hounds
  4 orc priests
  2 gnoll boudas
  4 iguanas (D:7)
  7 orc wizards
  5 hell rats (Lair:4)
  12 gnolls
  A river rat (D:5)
  11 adders
  A white imp (D:5)
  2 ufetubi (D:5)
  A worm (D:3)
  2 dart slugs
  20 orcs
  7 bats
  5 endoplasms
  3 giant cockroaches
  3 goblins
  5 hobgoblins
  A jackal (Sewer)
  21 kobolds
  6 quokkas
  3 training dummies (D:6)
  9 ball pythons
  4 frilled lizards
  9 rats
318 creatures vanquished.

Vanquished Creatures (others)
  A wyvern (D:9)
  17 fungi
  102 plants
120 creatures vanquished.

Grand Total: 438 creatures vanquished

Notes
Turn   | Place    | Note
-------+----------+-------------------------------------------
     0 | D:1      | Iich the Hill Orc Fighter began the quest for the Orb.
     0 | D:1      | Reached XP level 1. HP: 19/19 MP: 1/1
    36 | D:1      | Found Enesys Ifeta's Armour Shoppe.
   151 | D:1      | Reached skill level 3 in Axes
   448 | D:1      | Reached XP level 2. HP: 27/27 MP: 2/2
   946 | D:2      | Reached skill level 4 in Axes
   972 | D:2      | Reached XP level 3. HP: 33/33 MP: 3/3
  1451 | D:3      | Found a faded altar of an unknown god.
  1453 | D:3      | Noticed Sigmund
  1899 | D:3      | Killed Sigmund
  1900 | D:3      | Reached skill level 5 in Fighting
  1900 | D:3      | Reached skill level 6 in Axes
  1900 | D:3      | Reached XP level 4. HP: 16/42 MP: 4/4
  1900 | D:3      | Reached XP level 5. HP: 18/48 MP: 5/5
  2075 | D:3      | Found an iron altar of Okawaru.
  2182 | D:3      | Found Pifein's Jewellery Boutique.
  2198 | D:3      | Reached XP level 6. HP: 44/56 MP: 6/6
  2267 | D:3      | Reached skill level 7 in Axes
  3477 | D:5      | Entered Level 5 of the Dungeon
  3485 | D:5      | Reached skill level 8 in Axes
  3485 | D:5      | Reached XP level 7. HP: 61/63 MP: 7/7
  3510 | D:5      | Found a transporter.
  3556 | D:5      | Found Orchoelipp's Antique Armour Shoppe.
  3565 | D:5      | Bought a runed scale mail for 189 gold pieces
  3613 | D:5      | Found a glowing drain.
  3631 | D:5      | Reached skill level 9 in Axes
  3648 | Sewer    | Entered a sewer
  4092 | Sewer    | Found a white marble altar of Elyvilon.
  4340 | D:5      | Reached XP level 8. HP: 36/73 MP: 8/8
  4488 | D:5      | Found a radiant altar of Vehumet.
  4582 | D:5      | Reached skill level 10 in Axes
  4583 | D:5      | Noticed Pikel
  4606 | D:5      | Killed Pikel
  4607 | D:5      | Reached skill level 11 in Axes
  4747 | D:5      | Reached skill level 12 in Axes
  4914 | D:5      | Found a transporter.
  4970 | D:5      | Reached XP level 9. HP: 28/82 MP: 9/9
  5958 | D:6      | Reached skill level 13 in Axes
  6444 | D:6      | Found Pilo's Firing Range.
  6866 | D:7      | Found a staircase to the Ecumenical Temple.
  6882 | Temple   | Entered the Ecumenical Temple
  6882 | Temple   | Found a transporter.
  6882 | Temple   | Found a transporter.
  6884 | Temple   | Found a transporter.
  6884 | Temple   | Found a transporter.
  6905 | Temple   | Became a worshipper of Gozag Ym Sagoz the Greedy
  6951 | D:7      | Noticed a komodo dragon
  6967 | D:7      | Killed a komodo dragon
  6968 | D:7      | Reached skill level 10 in Fighting
  6968 | D:7      | Reached skill level 14 in Axes
  7346 | D:7      | Reached XP level 10. HP: 64/93 MP: 10/10
  7560 | D:7      | Reached skill level 15 in Axes
  7763 | D:7      | Found an ornate altar of the Wu Jian Council.
  7980 | D:7      | Noticed Joseph
  7990 | D:7      | Killed Joseph
  9470 | D:8      | Reached skill level 16 in Axes
  9915 | D:9      | Noticed a two-headed ogre
  9924 | D:9      | Killed a two-headed ogre
 10220 | D:9      | Noticed Psyche
 10233 | D:9      | Killed Psyche
 10234 | D:9      | Reached skill level 17 in Axes
 10319 | D:9      | Reached XP level 11. HP: 81/104 MP: 11/11
 10650 | D:9      | Noticed Gastronok
 10669 | D:9      | Killed Gastronok
 10802 | D:9      | Found a staircase to the Lair.
 10975 | D:10     | Entered Level 10 of the Dungeon
 10997 | D:10     | Reached skill level 18 in Axes
 11356 | D:10     | Noticed a two-headed ogre
 11373 | D:10     | Killed a two-headed ogre
 12074 | Lair:1   | Entered Level 1 of the Lair of Beasts
 12618 | D:1      | Bought a +4 scale mail of willpower for 310 gold pieces
 12979 | Lair:1   | Reached skill level 19 in Axes
 13280 | Lair:1   | Reached XP level 12. HP: 100/115 MP: 12/12
 13451 | Lair:1   | Identified the ring "Nuwuitik" {rCorr Str-2 Int+3 Slay+4}
 13572 | Lair:1   | Reached skill level 20 in Axes
 15088 | Lair:2   | Noticed a seven-headed hydra
 15093 | Lair:2   | Killed a seven-headed hydra
 15150 | Lair:2   | Reached skill level 21 in Axes
 16390 | Lair:3   | Found a hole to the Spider Nest.
 16398 | Lair:3   | Reached skill level 15 in Fighting
 16410 | Lair:3   | Reached XP level 13. HP: 82/126 MP: 4/13
 16639 | Lair:3   | Reached skill level 22 in Axes
 16877 | Lair:3   | Found a staircase to the Swamp.
 17838 | Lair:4   | Bought a scroll of identify for 24 gold pieces
 17838 | Lair:4   | Bought a scroll of teleportation for 36 gold pieces
 17840 | Lair:4   | Bought a smoking broad axe for 351 gold pieces
 17840 | Lair:4   | Identified the +1 broad axe "Aubergine" {protect, rElec}
                  | (You bought it in a shop on level 4 of the Lair of Beasts)
 17949 | Lair:5   | Entered Level 5 of the Lair of Beasts
 17974 | Lair:5   | Killed from afar by a rime drake

Illustrated notes

Levels and vault maps discovered:
D:1:      dpeg_arrival_rhombi, layout_basic, serial_shops,
          nicolae_shop_advertising_works [nicolae_subvault_shop_adworks],
          nicolae_concentric_dashed_squares_wild
D:2:      layout_loops_ring, minmay_crystal_room
D:3:      layout_loops_ring, okawaru_trees_1, nicolae_ecumenical_pavilion,
          serial_shops, nicolae_shop_trees, uniq_sigmund
D:4:      layout_loops_cross, serial_bayou, serial_bayou_shore_b,
          serial_bayou_pond_c, serial_bayou_crossing, serial_bayou_pond_d,
          serial_bayou_pond_a, kennysheep_generic_room_11
D:5:      gammafunk_cloud_chamber, layout_basic, nicolae_vehumet_radiance,
          serial_shops, shop, portal_sewer_entry_a, minmay_pentangle, uniq_pikel
D:6:      minmay_inner_zag, layout_basic, serial_co_window_serial,
          co_window_paths_a, co_window_corner_a, co_window_paths_a,
          co_window_of_opportunity_a, co_window_paths_a, co_window_paths_a,
          co_window_of_opportunity_c, co_window_unsneaky_path_d,
          co_window_paths_c, co_window_2corner, co_window_broadway_a,
          co_window_paths_c, co_window_paths_e, glass_columns_a,
          glass_columns_c, glass_columns_a, glass_columns_a, glass_columns_c,
          nicolae_shop_firing_range
D:7:      layout_loops_corners, mainiacjoe_overflow_cross_hatched,
          minmay_temple_entry_waves, ebering_dispersal_statue_hall,
          minmay_lizard_king, uniq_joseph
D:8:      layout_basic, serial_bayou, serial_bayou_ford_a, serial_bayou_lake_a,
          serial_bayou_pond_d, serial_bayou_pond_e, nicolae_zen_rock_garden,
          nicolae_fountain_basement
D:9:      layout_basic, david_lair_shrubbed, chequers_big_river, uniq_gastronok,
          uniq_psyche
D:10:     layout_irregular_city, kennysheep_generic_room_13
Temple:   hellmonk_temple_divided_pantheon
Lair:1:   layout_loops_ring, nicolae_lair_lindhole
Lair:2:   wad_woods_04, layout_regular_city
Lair:3:   layout_roguey, minmay_swamp_entry_worms, spider_nest_entry_a,
          grunt_megastairs_5, infiniplex_staircase_pool_2
Lair:4:   layout_hall_layers
Lair:5:   gammafunk_lair_ancient_temple, layout_loops_ring,
          nicolae_slime_entry_field_trip, basic_altar, fungi_pond_lemuel,
          minivault_27, serial_bayou_pond_d

Skill      XL: |  1  2  3  4  5  6  7  8  9 10 11 12 13 |
---------------+----------------------------------------+-----
Axes           | 3 4 6 8 9 12 14 17 19 21 22 | 22.6
Fighting       | 4 5 6 7 8 10 11 13 15 | 15.6
Armour         | |  3.2
Shields        | |  3.2

Action                     |  1- 3 |  4- 6 |  7- 9 | 10-12 | 13-15 || total
---------------------------+-------+-------+-------+-------+-------++-------
  Melee: War axe           |    82 |   132 |   249 |   747 |   138 ||  1348
         Broad axe         |       |       |       |       |    18 ||    18
 Invoke: Call Merchant     |       |       |       |       |     2 ||     2
  Evoke: Wand              |       |       |     2 |     7 |       ||     9
         Lightning rod     |       |       |     1 |     5 |       ||     6
    Use: Scroll            |     3 |     6 |     6 |     3 |     3 ||    21
         Potion            |       |       |     3 |     1 |       ||     4
   Stab: Distracted        |       |       |       |     3 |     2 ||     5
         Invisible         |       |       |       |     3 |       ||     3
 Armour: Scale mail        |     1 |       |   127 |   183 |    44 ||   355
         Chain mail        |    45 |    81 |       |       |       ||   126
  Dodge: Dodged            |    32 |    44 |    87 |   266 |    59 ||   488
  Block: Buckler           |    24 |    24 |    94 |   238 |    52 ||   432
         Reflection        |       |       |       |     8 |       ||     8

Table legend: (Time is in decaauts)
 A = Elapsed time spent in this place.
 B = Non-inter-level travel time spent in this place.
 C = Inter-level travel time spent in this place.
 D = Time resting spent in this place.
 E = Time spent auto-exploring this place.
 F = Levels seen in this place.
 G = Mean time per level.
                   A        B        C        D        E       F      G
               +--------+--------+--------+--------+--------+-----+--------+
         Total |  17803 |  16655 |   1148 |   2132 |  11892 |  17 | 1047.2 |
       Dungeon |  11942 |  11033 |    909 |   1204 |   8100 |  10 | 1194.2 |
        Temple |     42 |     42 |      0 |      0 |      1 |   1 |   42.0 |
          Lair |   5290 |   5051 |    239 |    580 |   3701 |   5 | 1058.0 |
         Sewer |    528 |    528 |      0 |    348 |     90 |   1 |  528.0 |
               +--------+--------+--------+--------+--------+-----+--------+

Top non-repeatable levels by time:
  Lair:1: 1887 daAuts
     D:5: 1668 daAuts
     D:7: 1665 daAuts
  Lair:2: 1590 daAuts
     D:6: 1340 daAuts
     D:8: 1310 daAuts
     D:2: 1293 daAuts
     D:9: 1200 daAuts
    D:10: 1042 daAuts
  Lair:3: 927 daAuts
     D:3: 888 daAuts
  Lair:4: 864 daAuts
     D:4: 800 daAuts
     D:1: 733 daAuts
   Sewer: 528 daAuts
